 Dungeon Crawl Stone Soup version 0.22.1-2-g9c5b331 (webtiles) character file.

1920 dvd the Cleaver (level 9, -6/75 HPs)
             Began as a Hill Orc Gladiator on Dec 2, 2018.
             Was a Follower of Uskayaw.
             Mangled by an orc warrior
             ... wielding a +0 glaive
              (14 damage)
             ... on level 7 of the Dungeon.
             The game lasted 00:13:03 (4970 turns).

dvd the Cleaver (Hill Orc Gladiator)                Turns: 4970, Time: 00:13:04

Health: -6/75      AC: 11    Str: 18    XL:     9   Next: 16%
Magic:  9/9        EV:  6    Int: 11    God:    Uskayaw [*.....]
Gold:   317        SH: 10    Dex: 14    Spells: 8/8 levels left

rFire    . . .     SeeInvis .   a - +0 war axe
rCold    . . .     Gourm    .   n - +0 shield
rNeg     . . .     Faith    .   r - +0 chain mail
rPois    .         Spirit   .   s - +1 helmet {Int+3}
rElec    .         Reflect  .   (no cloak)
rCorr    +         Harm     .   (no gloves)
MR       .....                  (no boots)
Stlth    ..........             o - amulet of regeneration
HPRegen  0.62/turn              A - ring of resist corrosion
MPRegen  0.11/turn              (no ring)

@: drained
A: no striking features
a: Stomp, Renounce Religion


You were on level 7 of the Dungeon.
You worshipped Uskayaw.
Uskayaw was noncommittal.
You were very hungry.

You visited 2 branches of the dungeon, and saw 8 of its levels.

You collected 317 gold pieces.

Inventory:

Hand Weapons
 a - a +0 war axe (weapon)
 t - a +0 trident of flaming
 G - a +1 flail of freezing
Missiles
 y - 6 tomahawks
 B - a throwing net (quivered)
Armour
 b - a +0 scale mail
 d - a +0 plate armour
 e - a +0 ring mail
 n - a +0 shield (worn)
 r - a +0 chain mail (worn)
 s - a +1 helmet of intelligence (worn)
Jewellery
 o - an amulet of regeneration (around neck)
 q - an uncursed amulet of magic regeneration {unknown}
 A - a ring of resist corrosion (left hand)
Wands
 v - a wand of acid (1)
 F - a wand of clouds (5)
 I - a wand of flame (15)
Scrolls
 g - 5 scrolls of remove curse {unknown}
 h - 2 scrolls of amnesia {unknown}
 i - 3 scrolls of magic mapping {unknown}
 k - 4 scrolls of identify {unknown}
 p - 2 scrolls of enchant weapon {unknown}
 u - a scroll of fear {unknown}
 z - 2 scrolls of noise {unknown}
 C - 2 scrolls of fog {unknown}
 E - a scroll of immolation {unknown}
 H - a scroll of enchant armour {unknown}
Potions
 c - a potion of ambrosia {unknown}
 j - 7 potions of heal wounds {unknown}
 l - 3 potions of curing
 m - 4 potions of flight {unknown}
 w - a potion of agility {unknown}
 x - a potion of degeneration {unknown}
 D - a potion of might {unknown}
Comestibles
 f - 16 rations


   Skills:
 + Level 5.8(5.0) Fighting
 + Level 10.3(9.4) Axes
 + Level 2.0(1.3) Throwing
 + Level 4.8(4.1) Armour
 + Level 3.3(2.6) Dodging
 + Level 0.4(0.0) Stealth
 + Level 5.8(5.0) Shields
 + Level 0.3(0.0) Evocations


You had 8 spell levels left.
You didn't know any spells.
Your spell library contained the following spells:

 Spells                   Type           Power        Failure   Level  Hunger
 Corona                   Hex            #......      100%        1    ##.....
 Slow                     Hex            #.......     100%        2    ###....
 Inner Flame              Hex/Fire       #.......     100%        3    ####...
 Portal Projectile        Hex/Tloc       #.....       100%        3    ####...
 Cause Fear               Hex            #.........   100%        4    #####..
 Leda's Liquefaction      Hex/Erth       #.........   100%        4    #####..


Dungeon Overview and Level Annotations

Branches:
Dungeon (7/15)             Temple (1/1) D:6

Altars:
Ashenzari
Dithmenos
Kikubaaqudgha
Nemelex Xobeh
Okawaru
Qazlal
Ru
Uskayaw
Vehumet
Wu Jian
Yredelemnul
The Shining One

Annotations:
D:4 3 runed doors, Curus's ghost, amateur MiFi; Sharpo's ghost, amateur GrFi


Message History

The crimson imp hits you but does no damage.
An orc wizard comes into view. It is wielding a dagger.
The orc warrior hits you with a glaive!!
You closely miss the orc warrior.
The orc wizard shouts!
You slash the crimson imp! The crimson imp barely misses you.
A bullfrog zombie comes into view.
The orc warrior hits you with a glaive!
* * * LOW HITPOINT WARNING * * *
The crimson imp hits you but does no damage.
The orc wizard mumbles some strange words.
The orc wizard flickers and vanishes!
Deactivating autopickup; reactivate with Ctrl-A.
You closely miss the orc warrior. You hit the crimson imp.
You block the crimson imp's attack. The orc warrior hits you with a glaive!
* * * LOW HITPOINT WARNING * * *
Unknown command.
You closely miss the orc warrior. You closely miss the crimson imp.
You block the crimson imp's attack. The orc warrior hits you with a glaive!
You die...

##..####...
...#......
.......
#...# .
#Z)#####..
#[)[......
##..#.##..
#5o..##..
#@.......
###.#....
......
#.#... .#
.# .. . ..


You could see an orc warrior, a crimson imp and a bullfrog zombie.

Vanquished Creatures
  Grinder (D:5)
  An ice beast (D:5)
  A sky beast (D:5)
  2 black bears
  2 ogres (D:4)
  A bullfrog (D:6)
  5 wights (D:6)
  2 howler monkeys
  A crimson imp (D:6)
  A bullfrog zombie (D:5)
  3 hounds
  2 bullfrog skeletons
  5 orc priests
  4 orc wizards
  Terence (D:3)
  An iguana (D:5)
  4 worker ants
  7 adders
  4 gnolls
  A shadow imp (D:6)
  An adder skeleton (D:5)
  3 worms
  A dart slug (D:1)
  4 leopard geckos
  20 orcs
  A ball python (D:1)
  8 bats
  5 giant cockroaches
  4 hobgoblins
  7 jackals
  4 quokkas
  4 frilled lizards
  11 goblins
  4 kobolds
  6 rats
132 creatures vanquished.

Vanquished Creatures (others)
  An orc (D:4)
1 creature vanquished.

Grand Total: 133 creatures vanquished

Notes
Turn   | Place    | Note
-------+----------+-------------------------------------------
     0 | D:1      | dvd the Hill Orc Gladiator began the quest for the Orb.
     0 | D:1      | Reached XP level 1. HP: 18/18 MP: 1/1
    59 | D:1      | You fall through a shaft!
   119 | D:2      | Found a radiant altar of Vehumet.
   131 | D:2      | Reached XP level 2. HP: 15/25 MP: 2/2
   266 | D:2      | Found a glowing golden altar of the Shining One.
   691 | D:1      | Reached XP level 3. HP: 17/30 MP: 3/3
  1293 | D:1      | Reached skill level 1 in Armour
  1853 | D:3      | Reached XP level 4. HP: 38/38 MP: 4/4
  1958 | D:3      | Reached skill level 1 in Shields
  1977 | D:3      | Reached XP level 5. HP: 25/46 MP: 5/5
  2104 | D:3      | Noticed Terence
  2113 | D:3      | Killed Terence
  2158 | D:3      | Reached skill level 5 in Axes
  2291 | D:3      | Found an iron altar of Okawaru.
  2348 | D:3      | Found a sacrificial altar of Ru.
  2671 | D:4      | Reached XP level 6. HP: 47/52 MP: 6/6
  2690 | D:4      | Reached skill level 6 in Axes
  2805 | D:4      | Found a shattered altar of Ashenzari.
  2921 | D:4      | Reached XP level 7. HP: 38/59 MP: 7/7
  3019 | D:4      | Reached skill level 7 in Axes
  3251 | D:4      | Found a runed gate.
  3254 | D:4      | Found a runed gate.
  3254 | D:4      | Found a runed gate.
  3255 | D:4      | Noticed Sharpo's ghost (amateur GrFi)
  3258 | D:4      | Noticed Curus's ghost (amateur MiFi)
  3382 | D:5      | Entered Level 5 of the Dungeon
  3482 | D:5      | Reached XP level 8. HP: 54/67 MP: 8/8
  3565 | D:5      | Noticed Grinder
  3594 | D:5      | Reached skill level 8 in Axes
  3598 | D:5      | Paralysed by Grinder for 5 turns
  3606 | D:5      | Paralysed by Grinder for 3 turns
  3609 | D:5      | Killed Grinder
  3609 | D:5      | Reached skill level 5 in Fighting
  3837 | D:5      | Reached skill level 9 in Axes
  4091 | D:6      | Found a stormy altar of Qazlal.
  4166 | D:6      | Found an ancient bone altar of Kikubaaqudgha.
  4314 | D:6      | Found a staircase to the Ecumenical Temple.
  4321 | D:6      | Found a sparkling altar of Nemelex Xobeh.
  4329 | Temple   | Entered the Ecumenical Temple
  4340 | Temple   | Became a worshipper of Uskayaw the Reveler
  4392 | D:6      | Reached * piety under Uskayaw
  4394 | D:6      | Reached skill level 5 in Shields
  4447 | D:6      | Reached ** piety under Uskayaw
  4451 | D:6      | Reached *** piety under Uskayaw
  4492 | D:6      | Reached XP level 9. HP: 33/75 MP: 5/9
  4599 | D:6      | Reached skill level 10 in Axes
  4882 | D:7      | Reached **** piety under Uskayaw
  4970 | D:7      | Mangled by an orc warrior

Skill      XL: |  1  2  3  4  5  6  7  8  9 |
---------------+----------------------------+-----
Fighting       | 3 4 5 |  5.8
Armour         | 1 2 3 4 |  4.8
Shields        | 1 2 3 4 5 |  5.8
Throwing       | 2 |  2.0
Axes           | 5 6 7 9 10 | 10.3
Dodging        | 3 |  3.3
Stealth        | |  0.4
Evocations     | |  0.3

Action                   |  1- 3 |  4- 6 |  7- 9 || total
-------------------------+-------+-------+-------++-------
Melee: War axe           |   113 |   188 |   240 ||   541
       Flail             |       |       |    13 ||    13
Throw: Throwing net      |       |     2 |     1 ||     3
Invok: Stomp             |       |       |     2 ||     2
Evoke: Wand              |       |       |     4 ||     4
  Use: Potion            |       |       |     2 ||     2
 Stab: Held in net/web   |       |     1 |       ||     1
       Paralysed         |       |       |     3 ||     3
  Eat: Chunk             |     3 |     4 |     6 ||    13
Armor: Ring mail         |    55 |    39 |       ||    94
       Scale mail        |       |    46 |       ||    46
       Chain mail        |       |       |   134 ||   134
Dodge: Dodged            |    55 |    71 |    69 ||   195
Block: Shield            |    17 |    68 |   128 ||   213
